 Dungeon Crawl Stone Soup version 0.28.0 (webtiles) character file.

Game seed: 6008543388903223177

281 Crownlay the Poker (level 6, -4/56 HPs)
             Began as a Minotaur Fighter on Feb 11, 2022.
             Slain by a gnoll (6 damage)
             ... on level 4 of the Dungeon.
             The game lasted 00:03:34 (3158 turns).

Crownlay the Poker (Minotaur Fighter)               Turns: 3158, Time: 00:03:34

Health: -4/56      AC:  6    Str: 20    XL:     6   Next: 6%
Magic:  5/5        EV:  9    Int:  5    God:
Gold:   89         SH:  5    Dex: 12    Spells: 5/5 levels left

rFire   . . .      SeeInvis .   a - +0 trident
rCold   . . .      Faith    .   c - +0 buckler
rNeg    . . .      Spirit   .   b - +0 scale mail
rPois   .          Reflect  .   (helmet restricted)
rElec   .          Harm     .   (no cloak)
rCorr   .          Rampage  .   (no gloves)
Will    .....                   (no boots)
Stlth   ..........              (no amulet)
HPRegen 0.18/turn               (no ring)
MPRegen 0.09/turn               (no ring)

@: mighty
A: horns 2, retaliatory headbutt
a: no special abilities


You were on level 4 of the Dungeon.
You visited 1 branch of the dungeon, and saw 4 of its levels.

You collected 89 gold pieces.

Inventory:

Hand Weapons
 a - a +0 trident (weapon)
Armour
 b - a +0 scale mail (worn)
 c - a +0 buckler (worn)
Jewellery
 k - a ring of positive energy
Scrolls
 e - a scroll of silence
 g - 2 scrolls of torment
Potions
 f - a potion of resistance
 h - 3 potions of curing
 j - a potion of mutation {unknown}


   Skills:
 + Level 5.1 Fighting
 * Level 5.7 Polearms
 - Level 3.6 Armour
 + Level 5.1 Shields


You had 5 spell levels left.
You didn't know any spells.
Your spell library was empty.

Dungeon Overview and Level Annotations

Branches:
Dungeon (4/15)
 Temple: D:4-7

Altars:
Nemelex Xobeh


Innate Abilities, Weirdness & Mutations

You have a pair of horns on your head.
You reflexively headbutt those who attack you in melee.


Message History

The gnoll hits you but does no damage. You block the gnoll's attack.
The gnoll shaman closely misses you. The gnoll barely misses you.
The gnoll hits you with a +0 club.
You feel very mighty all of a sudden. The gnoll hits you with a +0 club.
You are too injured to fight recklessly!
You barely miss the gnoll.
The gnoll is heavily wounded.
The gnoll completely misses you.
You puncture the gnoll!
You kill the gnoll!
Reach: a) +0 trident
Press: ? - help, Dir - move target, f - gnoll shaman
Aim: a gnoll shaman, wielding a +0 club and wearing a +0 leather armour (about 36% to evade your +0 trident)
You reach to attack!
You impale the gnoll shaman!!
You kill the gnoll shaman!
You have reached level 6!
Reach: a) +0 trident
Press: ? - help, Dir - move target, f - gnoll
Aim: a gnoll, wielding a +0 halberd (about 36% to evade your +0 trident)
You reach to attack!
You puncture the gnoll!
The gnoll is severely wounded.
The gnoll hits you from afar with a +0 halberd!
* * * LOW HITPOINT WARNING * * *
Reach: a) +0 trident
Press: ? - help, Dir - move target, f/p - gnoll
Aim: a gnoll, wielding a +0 halberd (severely wounded, about 36% to evade your +0 trident)
You reach to attack!
You barely miss the gnoll.
The gnoll is severely wounded.
The gnoll hits you from afar with a +0 halberd.
* * * LOW HITPOINT WARNING * * *
Reach: a) +0 trident
Press: ? - help, Dir - move target, f/p - gnoll
Aim: a gnoll, wielding a +0 halberd (severely wounded, about 36% to evade your +0 trident)
The gnoll is in the way.
You puncture the gnoll!
The gnoll is heavily wounded.
The gnoll hits you from afar with a +0 halberd.
* * * LOW HITPOINT WARNING * * *
The gnoll hits you with a +0 flail.
You die...

### ### #.# #@# #.### #g##
#.... #gg# ##.... ####g##
##..### ########.....###
##......
#..............#####.......
#..........................
#..#######.................
#### #......####.......


You could see 4 gnolls.

Vanquished Creatures
  A gnoll shaman (D:4)
  2 orc priests (D:3)
  Jessica (D:2)
  2 orc wizards (D:3)
  Robin (D:2)
  A gnoll (D:4)
  An adder (D:3)
  A worm (D:3)
  3 dart slugs (D:1)
  9 orcs (D:3)
  4 endoplasms
  4 giant cockroaches
  15 goblins
  9 hobgoblins
  2 jackals (D:2)
  5 ball pythons
  A bat (D:3)
  2 frilled lizards (D:1)
  2 kobolds (D:1)
  4 rats
70 creatures vanquished.

Notes
Turn   | Place    | Note
-------+----------+-------------------------------------------
     0 | D:1      | Crownlay the Minotaur Fighter began the quest for the Orb.
     0 | D:1      | Reached XP level 1. HP: 19/19 MP: 0/0
   111 | D:1      | Found a faded altar of an unknown god.
   115 | D:1      | Reached XP level 2. HP: 25/27 MP: 1/1
   314 | D:1      | Reached XP level 3. HP: 29/33 MP: 2/2
   708 | D:2      | You fall into a shaft and drop 1 floor!
   983 | D:2      | Noticed Jessica
   991 | D:2      | Killed Jessica
   992 | D:2      | Reached XP level 4. HP: 24/41 MP: 3/3
  1191 | D:2      | Noticed Robin
  1212 | D:2      | Killed Robin
  1893 | D:3      | Found a sparkling altar of Nemelex Xobeh.
  2133 | D:3      | Reached XP level 5. HP: 41/47 MP: 4/4
  2138 | D:3      | Reached skill level 5 in Polearms
  2643 | D:3      | Reached skill level 5 in Fighting
  2643 | D:3      | Reached skill level 5 in Shields
  3156 | D:4      | Reached XP level 6. HP: 23/56 MP: 5/5
  3158 | D:4      | HP: 2/56 [gnoll (5)]
  3158 | D:4      | Slain by a gnoll

Illustrated notes

Levels and vault maps discovered:
D:1:      psy_arrival_fountain, layout_loops_ring,
          shapermc_ecumenical_altar_acropolis, minivault_26
D:2:      layout_basic, uniq_jessica, uniq_robin
D:3:      layout_basic, nemelex_xobeh_ov_fountains_minmay
D:4:      layout_layer_cave, enter_ossuary_4, minmay_lizard_king

Skill      XL: |  1  2  3  4  5 |
---------------+----------------+-----
Polearms       | 3 4 5 |  5.7
Shields        | 4 5 |  5.1
Fighting       | 4 5 |  5.1
Armour         | |  3.6

Action                   |  1- 3 |  4- 6 || total
-------------------------+-------+-------++-------
Melee: Trident           |    70 |   108 ||   178
       Headbutt          |     4 |    14 ||    18
  Use: Scroll            |       |     4 ||     4
       Potion            |       |     1 ||     1
Armor: Scale mail        |    21 |    18 ||    39
Dodge: Dodged            |    17 |    23 ||    40
Block: Buckler           |     8 |    11 ||    19
